 Dungeon Crawl Stone Soup version 0.26.0-8-g74fc34ddfb (webtiles) character file.

Game seed: 11524128597366920714

257567 DildoBatman the Earth Mage (level 21, -2/206 HPs)
             Began as a Formicid Conjurer on Jan 10, 2021.
             Was an Initiate of Gozag.
             Hit by a silver javelin thrown by a merfolk javelineer (9 damage)
             ... on level 4 of the Shoals on Jan 12, 2021.
             The game lasted 02:55:26 (40092 turns).

DildoBatman the Earth Mage (Formicid Conjurer)     Turns: 40092, Time: 02:55:26

Health: -2/206     AC: 34    Str: 10      XL:     21   Next: 11%
Magic:  14/35      EV: 17    Int: 25 (26) God:    Gozag
Gold:   6788       SH: 13    Dex: 15      Spells: 9/40 levels left

rFire    . . .     SeeInvis +   a - +9 falchion (elec)
rCold    + + +     Faith    .   i - +0 kite shield "Xototse" {rC++ Will++ Str-4}
rNeg     + . .     Spirit   .   (armour currently unavailable)
rPois    ∞         Reflect  .   (helmet unavailable)
rElec    +         Harm     .   X - +0 cloak {Will+}
rCorr    .         Rampage  .   (gloves currently unavailable)
Will     +++++                  (boots currently unavailable)
Stlth    ++........             m - amulet of magic regeneration
HPRegen  0.44/turn              D - +6 ring of dexterity
MPRegen  0.49/turn              R - +4 ring of protection

@: statue-form, gold aura, very slow
A: permanent stasis, dig shafts and tunnels, four strong arms, antennae 3, cold
resistance 1, deterioration 1, mutation resistance 1, electricity resistance
}: 1/15 runes: gossamer
a: Dig, Shaft Self, End Transformation, Renounce Religion, Potion Petition, Call
Merchant, Bribe Branch


You were on level 4 of the Shoals.
You worshipped Gozag.
Gozag was greatly pleased with you.
You were a stone statue.
You visited 6 branches of the dungeon, and saw 32 of its levels.
You also visited: Sewer, Bailey, Gauntlet, Ice Cave and Volcano.

You collected 13167 gold pieces.
You spent 4793 gold pieces at shops.
You paid 1586 gold pieces to Gozag.

Inventory:

Hand Weapons
 a - a +9 falchion of electrocution (weapon)
 b - a +3 vorpal shortbow
 c - the +10 dagger of Context {pain, rC- Str+6}
   (You found it on level 15 of the Dungeon)

   In the hands of one skilled in necromantic magic, it inflicts extra damage on
   living creatures.
   It affects your strength (+6).
   It makes you vulnerable to cold.
Missiles
 h - 1329 arrows
 k - 310 bolts
 n - 41 javelins (quivered)
 y - 4 throwing nets
 S - 56 silver javelins
 T - 219 sling bullets
Armour
 i - the +0 kite shield "Xototse" (worn) {rC++ Will++ Str-4}
   (You found it on level 3 of the Spider Nest)

   It affects your strength (-4).
   It greatly protects you from cold.
   It affects your willpower, your defense against some magical effects.
 o - a +4 troll leather armour (melded)
 N - the +4 Cigotuvi's embrace {rMiasma *Drain rN+}
   (You found it on level 4 of the Shoals)

   It protects you from negative energy.
   It causes draining when unequipped.
 U - a +0 pair of boots (melded)
 X - a +0 cloak of willpower (worn)
Magical Staves
 f - an uncursed staff of death
Jewellery
 m - an amulet of magic regeneration (around neck)
 D - a +6 ring of dexterity (left hand)
 E - a cursed amulet of inaccuracy {unknown}
 M - an uncursed ring of resist corrosion
 R - a +4 ring of protection (right hand)
 Z - an uncursed ring of fire
Wands
 g - a wand of polymorph (13)
 K - a wand of disintegration (6)
 Y - a wand of iceblast (14)
Scrolls
 d - a scroll of torment
 j - 2 scrolls of amnesia
 q - 9 scrolls of fog
 s - 4 scrolls of fear
 v - 4 scrolls of summoning
 x - 20 scrolls of remove curse
 z - 11 scrolls of identify
 C - 5 scrolls of magic mapping
 J - a scroll of acquirement
 L - a scroll of enchant armour
 Q - 8 scrolls of immolation
Potions
 p - 4 potions of magic
 u - 8 potions of curing
 w - 6 potions of invisibility
 A - 6 potions of resistance
 B - a potion of mutation
 F - 2 potions of heal wounds
 G - 7 potions of ambrosia
 H - 3 potions of cancellation
 I - 8 potions of brilliance
 P - a potion of flight
 V - a potion of might
Miscellaneous
 e - a phantom mirror
 l - a box of beasts
 r - a lightning rod (4/4)


   Skills:
 - Level 12.0 Fighting
 - Level 1.4(2.0) Short Blades
 - Level 2.0(2.2) Long Blades
 - Level 1.0 Polearms
 - Level 12.0 Armour
 - Level 8.0 Dodging
 - Level 2.4 Stealth
 * Level 14.3 Shields
 - Level 10.0 Spellcasting
 - Level 6.0 Conjurations
 * Level 14.6 Necromancy
 * Level 12.6 Transmutations
 - Level 5.0 Fire Magic
 - Level 4.0 Air Magic
 - Level 18.0 Earth Magic
 - Level 4.0 Poison Magic


You had 9 spell levels left.
You knew the following spells:

 Your Spells              Type           Power        Failure   Level
a - Conjure Flame         Conj/Fire      40%          1%          3
b - Borgnjor's Vile Clut  Necr/Erth      38%          1%          5
c - Bolt of Magma         Conj/Fire/Erth 28%          2%          5
d - Vampiric Draining     Necr           36%          1%          3
e - Mephitic Cloud        Conj/Pois/Air  35%          2%          3
f - Statue Form           Tmut/Erth      48%          1%          6
h - Dispel Undead         Necr           72%          1%          4
z - Sublimation of Blood  Necr           36%          1%          2

Your spell library contained the following spells:

 Spells                   Type           Power        Failure   Level
 Animate Skeleton         Necr           100%         0%          1
 Pain                     Necr           100%         0%          1
 Sandblast                Erth           100%         0%          1
 Passwall                 Tmut/Erth      60%          0%          2
 Magic Dart               Conj           100%         1%          1
 Searing Ray              Conj           84%          1%          2
 Wereblood                Tmut           66%          1%          2
 Static Discharge         Conj/Air       37%          1%          3
 Stone Arrow              Conj/Erth      100%         1%          3
 Leda's Liquefaction      Hex/Erth       27%          1%          4
 Petrify                  Tmut/Erth      73%          1%          4
 Agony                    Necr           72%          1%          5
 Excruciating Wounds      Necr           36%          1%          5
 Lee's Rapid Deconstruct  Erth           40%          1%          5
 Irradiate                Conj/Tmut      28%          3%          5
 Summon Small Mammal      Summ           48%          4%          1
 Dazzling Flash           Conj/Hex       54%          4%          3
 Hydra Form               Tmut           33%          4%          6
 Iron Shot                Conj/Erth      32%          5%          6
 Call Imp                 Summ           12%          8%          2
 Ensorcelled Hibernation  Hex/Ice        24%          8%          2
 Slow                     Hex            12%          8%          2
 Iskenderun's Battlesphe  Conj           42%          12%         5
 Call Canine Familiar     Summ           12%          14%         3
 Summon Guardian Golem    Hex/Summ       12%          14%         3
 Fulminant Prism          Conj/Hex       13%          14%         4
 Iskenderun's Mystic Bla  Conj/Tloc      27%          14%         4
 Fireball                 Conj/Fire      20%          14%         5
 Summon Lightning Spire   Summ/Air       22%          22%         4
 Dragon Form              Tmut           33%          24%         7
 Simulacrum               Ice/Necr       24%          36%         6
 Summon Ice Beast         Ice/Summ       12%          43%         4
 Borgnjor's Revivificati  Necr           36%          63%         8
 Infestation              Necr           36%          63%         8
 Necromutation            Tmut/Necr      34%          77%         8
 Metabolic Englaciation   Hex/Ice        6%           80%         5
 Summon Demon             Summ           6%           80%         5
 Summon Mana Viper        Hex/Summ       12%          80%         5
 Haunt                    Necr/Summ      24%          91%         7
 Shatter                  Erth           40%          97%         9
 Orb of Destruction       Conj           21%          98%         7
 Spellforged Servitor     Conj/Summ      13%          100%        7
 Discord                  Hex            6%           100%        8
 Death's Door             Necr           36%          100%        9
 Blink                    Tloc           Unusable     N/A         2

Dungeon Overview and Level Annotations

Branches:
Dungeon (15/15)            Temple (1/1) D:6            Lair (6/6) D:9
 Shoals (4/4) Lair:2       Spider (4/4) Lair:3        Slime (0/5) Lair:5
    Orc (2/2) D:10            Elf (0/3) Orc:2        Vaults (0/5) D:14
 Depths (0/5) D:15          Sewer (visited)          Bailey (visited)
  IceCv (visited)         Volcano (visited)         Gauntlet (visited)

Altars:
Ashenzari
Cheibriados
Dithmenos
Elyvilon
Fedhas
Gozag
Hepliaklqana
Kikubaaqudgha
Makhleb
Nemelex Xobeh
Okawaru
Qazlal
Ru
Sif Muna
Trog
Uskayaw
Vehumet
Wu Jian
Xom
Yredelemnul
Zin
The Shining One

Shops:
D:5 *   D:6 }   D:7 *   D:9 (   D:15 :   Orc:2 ?}*?   Shoals:4 ?

Annotations:
Shoals:2 3 runed translucent doors, Amuaxidi's ghost, adept FoCK; AtomicRavioli's ghost, adept OgFi; Luqyzau's ghost, adept GrWn; Meod's ghost, adept MiBe; popps's ghost, adept GrFi


Innate Abilities, Weirdness & Mutations

You cannot be hasted, slowed, berserked, paralysed or teleported.
You can dig through walls and to a lower floor.
Your four strong arms can wield two-handed weapons with a shield.
You have a pair of large antennae on your head. (SInv)
Your flesh is cold resistant. (rC+)
Your body sometimes deteriorates upon taking damage.
You are somewhat resistant to further mutation.
You are resistant to electric shocks. (rElec)


Message History

Aim: a manticore (black smoke)
The manticore is moderately wounded.
You feel life coursing into your body.
You carefully extract the barbed spikes from your body.
The zombie hands constrict the merfolk javelineer!
The merfolk javelineer throws a silver javelin.
The silver javelin completely misses you.
You hear a splash.
You block the manticore's attack. x2
The manticore claws you but does no damage.
The merfolk javelineer throws a javelin.
The javelin pierces through you but does no damage.
The javelin pierces through the plant!!
The javelin pierces through the plant!
You hear a splash.
The merfolk javelineer throws a silver javelin.
The silver javelin pierces through you! The silver sears you!
You die...
Your body crumbles into a pile of gold.

..[..≈#≈≈P##≈≈≈≈≈≈≈.≈≈≈≈
.....##P≈≈P≈≈≈≈≈≈≈≈.≈≈≈≈
...≈≈PPP≈≈≈≈≈≈≈≈≈##P≈≈≈≈
.P...P#≈≈≈#P≈≈≈≈≈≈#≈≈(≈≈
#..P≈≈#≈≈≈#PP≈≈≈≈≈#≈$≈≈≈
##P≈≈≈≈≈≈≈≈≈P≈##≈≈≈.≈≈≈≈
(.≈≈≈≈≈≈≈≈≈≈PP≈PP....≈≈≈
..≈≈≈≈≈≈≈≈≈≈≈≈≈§§§§...≈≈
..≈≈≈≈≈≈≈≈≈≈≈≈§§8§§...≈≈
..≈≈≈≈≈≈≈≈≈≈≈≈§§H§§$.≈≈≈
..≈≈≈≈≈≈≈≈≈≈≈≈m§§§m..≈≈≈
..≈≈≈[≈≈≈≈≈§≈§§≈≈≈§≈≈≈≈≈
....≈≈≈≈≈≈≈≈≈≈≈≈≈≈≈≈≈≈≈≈
...≈≈≈≈≈≈≈≈≈≈≈≈≈≈≈≈≈≈≈≈≈≈≈≈
≈..≈≈≈≈≈≈≈≈≈≈≈≈≈≈≈≈≈≈≈≈≈≈≈≈≈
≈≈≈≈≈≈≈≈≈≈≈m≈≈≈≈≈≈≈≈≈≈≈≈≈≈≈≈.
≈≈≈≈≈≈≈≈≈≈≈≈≈≈≈≈≈≈≈≈m≈≈≈≈≈≈≈≈.


You could see 2 merfolk javelineers and a manticore.

Vanquished Creatures
  Arachne (Spider:1)
  Jorgrun (Orc:2)
  Polyphemus (Shoals:2)
  Kirke (Shoals:3)
  Roxanne (D:14)
  5 ghost moths
  Aizul (Lair:2)
  5 emperor scorpions
  Azrael (Spider:2)
  Nessos (D:15)
  3 entropy weavers
  An ettin (Orc:2)
  A minotaur (Gauntlet)
  3 merfolk javelineers
  Snorg (Orc:2)
  3 merfolk impalers
  Josephine (D:11)
  3 fire dragons
  4 vault guards (D:14)
  6 hydras
  2 ice dragons (IceCv)
  A merfolk avatar (Lair:6)
  6 boulder beetles
  3 catoblepae
  Erica (D:9)
  12 centaur warriors
  5 merfolk aquamancers
  An alligator snapping turtle (Shoals:2)
  2 ogre magi (Orc:2)
  A death knight (D:14)
  12 two-headed ogres
  A satyr (Shoals:2)
  3 tengu warriors
  4 death yaks
  A soul eater (Gauntlet)
  An orc high priest (Orc:2)
  A deep elf knight (D:14)
  Nergalle (D:10)
  A skeletal warrior (D:14)
  An unseen horror (D:12)
  A wizard (D:15)
  2 deep trolls (Orc:2)
  11 sea snakes
  An anaconda zombie (Lair:2)
  16 harpies
  22 orb spiders
  A lindwurm (Volcano)
  An orc knight (Orc:2)
  A necromancer (D:15)
  6 oklob plants
  26 wolf spiders
  A harpy (shapeshifter) (D:9)
  The ghost of Acheron the Conjurer, a novice VSCj of Sif Muna (D:10)
  9 manticores
  2 deep elf magi
  An ugly thing (D:9)
  12 fauns
  7 cyclopes
  13 elephants
  Maurice (Orc:2)
  2 spectral centaurs (D:10)
  2 merfolk sirens (Shoals:2)
  7 black mambas
  3 naga magi (D:15)
  A molten gargoyle (Volcano)
  2 ice statues (IceCv)
  6 water nymphs
  4 gargoyles
  12 cane toads
  9 rime drakes
  A kobold demonologist (D:13)
  6 centaur skeletons
  A dire elephant skeleton (Lair:1)
  A yaktaur zombie (D:14)
  14 demonic crawlers
  20 komodo dragons
  An efreet (D:14)
  5 polar bears (Lair:6)
  3 tengu conjurers
  A hydra zombie (D:13)
  30 jumping spiders
  7 meliai
  13 merfolk
  13 trolls
  11 slime creatures
  6 hornets
  A queen bee (Spider:4)
  7 wind drakes
  Grinder (D:3)
  A boulder beetle zombie (Lair:2)
  5 snapping turtles
  4 dream sheep (Shoals:1)
  23 blink frogs
  A centaur simulacrum (D:10)
  An alligator skeleton (Lair:2)
  66 yaks
  Sigmund (D:4)
  57 redbacks
  A black mamba skeleton (Lair:3)
  21 tarantellas
  16 water elementals
  15 wyverns
  2 shadows (D:10)
  6 hogs (Shoals:3)
  3 fire elementals (Spider:1)
  4 wraiths
  The ghost of Descartes the Skirmisher, an amateur FoAK of Lugonu (D:4)
  7 fire bats (Volcano)
  A steam dragon (Volcano)
  3 basilisks (D:14)
  6 vampire mosquitoes
  A warg (Orc:2)
  2 human zombies
  6 hell hounds
  18 water moccasins
  A cane toad zombie (Lair:2)
  Duvessa (D:5)
  A two-headed ogre skeleton (Gauntlet)
  An elf skeleton (Gauntlet)
  A manticore zombie (Lair:1)
  An eye of draining (D:14)
  A meliai simulacrum (D:15)
  5 cane toad skeletons
  2 sky beasts
  A black bear (D:6)
  37 orc warriors
  A phantom (D:9)
  28 ice beasts
  3 necrophages
  A hornet zombie (D:15)
  23 wolves
  24 ogres
  An eye of draining (shapeshifter) (D:10)
  2 dream sheep skeletons
  43 centaurs
  2 blink frog skeletons (Lair:1)
  2 big kobolds (D:10)
  21 bullfrogs
  A yaktaur skeleton (D:13)
  2 komodo dragon skeletons
  A salamander skeleton (Gauntlet)
  A water moccasin zombie (Lair:2)
  A hornet simulacrum (D:15)
  7 scorpions
  Dowan (D:5)
  4 water moccasin skeletons
  18 killer bees
  A yak skeleton (Lair:2)
  3 wights (D:9)
  8 howler monkeys
  A spectral bullfrog (D:10)
  A wolf zombie (Lair:1)
  12 electric eels
  3 bullfrog zombies
  6 centaur zombies
  5 lava snakes (Volcano)
  22 orc priests
  2 gnoll shamans (D:5)
  7 hounds
  6 jellies
  2 quasits
  5 bullfrog skeletons
  13 worker ants
  A basilisk skeleton (Lair:2)
  A black bear skeleton (Lair:1)
  6 iguanas
  26 orc wizards
  2 killer bee zombies
  An ogre zombie (D:13)
  2 hound skeletons
  A howler monkey skeleton (D:5)
  4 worker ant zombies
  11 gnolls
  15 adders
  3 shadow imps
  4 white imps
  2 ufetubi
  An ooze (D:4)
  An adder zombie (D:13)
  2 adder skeletons
  6 worms
  3 dart slugs
  3 leopard geckos
  115 orcs
  4 ball pythons
  4 bats
  10 giant cockroaches
  10 goblins
  13 hobgoblins
  20 jackals
  5 quokkas
  A dart slug zombie (D:13)
  12 frilled lizards
  A giant cockroach zombie (D:14)
  A goblin zombie (D:13)
  A jackal skeleton (D:8)
  19 kobolds
  A kobold zombie (D:13)
  A leopard gecko skeleton (D:8)
  A leopard gecko zombie (D:3)
  2 orc zombies
  A quokka skeleton (D:7)
  10 rats
1364 creatures vanquished.

Vanquished Creatures (collateral kills)
  2 wolf spiders
  2 jumping spiders
  2 redbacks
  A tarantella (Spider:1)
7 creatures vanquished.

Vanquished Creatures (others)
  A centaur zombie (D:15)
  A jumping spider (Spider:2)
  3 redbacks
  A water elemental (Lair:2)
  A tarantella (Spider:1)
  A lava snake (Volcano)
  38 fungi
  308 plants
354 creatures vanquished.

Grand Total: 1725 creatures vanquished

Notes
Turn   | Place    | Note
-------+----------+-------------------------------------------
     0 | D:1      | DildoBatman the Formicid Conjurer began the quest for the
                  | Orb.
     0 | D:1      | Reached XP level 1. HP: 13/13 MP: 3/3
   339 | D:1      | Reached XP level 2. HP: 16/19 MP: 0/5
   824 | D:1      | Reached XP level 3. HP: 21/24 MP: 3/6
   832 | D:1      | Learned a level 2 spell: Searing Ray
  1477 | D:2      | Found a sacrificial altar of Ru.
  1499 | D:2      | Found a blossoming altar of Fedhas.
  1517 | D:2      | Found a glowing golden altar of the Shining One.
  1535 | D:2      | Found a bloodstained altar of Trog.
  1583 | D:2      | Found a faded altar of an unknown god.
  2072 | D:3      | Reached XP level 4. HP: 29/30 MP: 4/7
  2143 | D:2      | Reached skill level 5 in Conjurations
  2371 | D:3      | Found a glowing drain.
  2435 | Sewer    | Entered a sewer
  2454 | Sewer    | Reached XP level 5. HP: 35/35 MP: 4/8
  3506 | D:4      | Reached XP level 6. HP: 42/42 MP: 4/9
  3589 | D:4      | Reached skill level 1 in Fighting
  3589 | D:4      | Reached skill level 1 in Armour
  4187 | D:4      | Found a white marble altar of Elyvilon.
  4243 | D:4      | Found a runed translucent gate.
  4243 | D:4      | Found a runed translucent gate.
  4243 | D:4      | Found a runed translucent gate.
  4248 | D:4      | Noticed Descartes's ghost (amateur FoAK)
  4269 | D:4      | Noticed Grinder
  4611 | D:4      | Reached XP level 7. HP: 45/50 MP: 6/12
  5112 | D:5      | Entered Level 5 of the Dungeon
  5270 | D:5      | Reached skill level 5 in Spellcasting
  5520 | D:5      | Reached XP level 8. HP: 40/56 MP: 7/17
  5636 | D:5      | Noticed Duvessa
  5636 | D:5      | Noticed Dowan
  5754 | D:5      | Noticed Sigmund
  5945 | D:5      | Found Fafukuargh's General Store.
  6988 | D:6      | Found Jario's Gadget Shoppe.
  6995 | D:6      | Found a staircase to the Ecumenical Temple.
  7004 | Temple   | Entered the Ecumenical Temple
  7178 | Temple   | Became a worshipper of Kikubaaqudgha
  7498 | D:6      | Reached XP level 9. HP: 61/65 MP: 6/19
  7567 | D:5      | Killed Dowan
  7694 | D:5      | Killed Duvessa
  8013 | D:6      | Reached skill level 5 in Fighting
  8013 | D:6      | Reached skill level 5 in Armour
  8118 | D:6      | Reached * piety under Kikubaaqudgha
  8118 | D:6      | Identified Kikubaaqudgha's Reference Book on Evil Rituals
                  | (Kikubaaqudgha gifted it to you on level 6 of the Dungeon)
  8118 | D:6      | Received a gift from Kikubaaqudgha
  8171 | D:6      | Learned a level 2 spell: Sublimation of Blood
  8175 | D:6      | Learned a level 3 spell: Vampiric Draining
  8531 | D:4      | Killed Sigmund
  8604 | D:3      | Killed Grinder
  8685 | D:7      | Reached skill level 5 in Necromancy
  9032 | D:7      | Reached XP level 10. HP: 42/74 MP: 13/20
  9147 | D:7      | Reached ** piety under Kikubaaqudgha
  9154 | D:7      | Found Xoismeagg's Island Escapes.
  9856 | D:8      | Reached *** piety under Kikubaaqudgha
  9856 | D:8      | Identified Kikubaaqudgha's Grimoire of Stolen Souls
                  | (Kikubaaqudgha gifted it to you on level 8 of the Dungeon)
  9856 | D:8      | Received a gift from Kikubaaqudgha
  9863 | D:8      | Learned a level 4 spell: Dispel Undead
  9869 | D:8      | Learned a level 5 spell: Borgnjor's Vile Clutch
  9895 | D:8      | Reached skill level 1 in Earth Magic
 10408 | D:4      | Killed Descartes's ghost
 10409 | D:4      | Reached skill level 2 in Earth Magic
 10550 | D:9      | Reached skill level 3 in Earth Magic
 10777 | D:9      | Reached skill level 4 in Earth Magic
 10861 | D:9      | Noticed Erica
 10871 | D:9      | Killed Erica
 10872 | D:9      | Reached skill level 5 in Earth Magic
 10916 | D:9      | Reached skill level 6 in Earth Magic
 11005 | D:9      | Found a stormy altar of Qazlal.
 11047 | D:9      | Reached skill level 1 in Short Blades
 11058 | D:9      | Found Soppifa's Weapon Emporium.
 11081 | D:9      | Found a staircase to the Lair.
 11087 | D:9      | Found a shimmering altar of Xom.
 11182 | D:9      | Noticed a harpy
 11182 | D:9      | a troll changed into a harpy
 11190 | D:9      | Killed a harpy
 11191 | D:9      | Reached skill level 7 in Earth Magic
 11191 | D:9      | Reached XP level 11. HP: 55/79 MP: 5/21
 11251 | D:9      | Noticed an eight-headed hydra
 11256 | D:9      | Reached skill level 8 in Earth Magic
 11256 | D:9      | Noticed a brown ugly thing
 11551 | D:9      | Killed an eight-headed hydra
 11552 | D:9      | Reached skill level 10 in Earth Magic
 11684 | D:9      | Killed a red ugly thing
 12161 | D:10     | Entered Level 10 of the Dungeon
 12161 | D:10     | Found a runed translucent gate.
 12161 | D:10     | Found a runed translucent gate.
 12161 | D:10     | Found a runed translucent gate.
 12236 | D:10     | Noticed Nergalle
 12251 | D:10     | Reached **** piety under Kikubaaqudgha
 12259 | D:10     | Killed Nergalle
 12260 | D:10     | Reached skill level 11 in Earth Magic
 12342 | D:10     | Noticed a two-headed ogre
 12371 | D:10     | Killed a two-headed ogre
 12574 | D:10     | Found a shimmering blue altar of Sif Muna.
 12608 | D:10     | Reached skill level 12 in Earth Magic
 12713 | D:10     | Noticed a boulder beetle
 12733 | D:10     | Killed a boulder beetle
 12734 | D:10     | Reached XP level 12. HP: 26/86 MP: 1/22
 13037 | D:10     | Learned a level 3 spell: Conjure Flame
 13041 | D:10     | Learned a level 3 spell: Mephitic Cloud
 13298 | D:10     | Reached skill level 1 in Poison Magic
 13314 | D:10     | Found a staircase to the Orcish Mines.
 13360 | D:10     | Reached skill level 1 in Fire Magic
 13576 | D:10     | Reached skill level 1 in Air Magic
 13625 | D:10     | Noticed Acheron's ghost (novice VSCj)
 13643 | D:10     | Killed Acheron's ghost
 13757 | Orc:1    | Entered Level 1 of the Orcish Mines
 13875 | Orc:1    | Reached ***** piety under Kikubaaqudgha
 14624 | Orc:2    | Entered Level 2 of the Orcish Mines
 14647 | Orc:2    | Noticed Jorgrun
 15071 | D:11     | Reached skill level 5 in Fire Magic
 15184 | D:11     | Found a shimmering altar of Xom.
 15323 | D:11     | Noticed Josephine
 15336 | D:11     | Killed Josephine
 15576 | D:12     | Noticed a two-headed ogre
 15585 | D:12     | Reached XP level 13. HP: 87/94 MP: 13/23
 15719 | D:12     | Found a flagged portal.
 15777 | Bailey   | Entered a bailey
 16010 | Bailey   | Reached skill level 1 in Polearms
 16179 | Bailey   | Reached ****** piety under Kikubaaqudgha
 16181 | Bailey   | Received a gift from Kikubaaqudgha
 16185 | Bailey   | Fell from the grace of Kikubaaqudgha
 16314 | Bailey   | Identified the Reference Book on Supportive Confrontation
 16725 | Temple   | Became a worshipper of Gozag Ym Sagoz the Greedy
 18238 | D:13     | Noticed a centaur warrior
 18243 | D:13     | Killed a centaur warrior
 18604 | D:13     | Reached skill level 10 in Necromancy
 18678 | D:13     | Reached skill level 13 in Earth Magic
 19048 | D:14     | Found a sacrificial altar of Ru.
 19049 | D:14     | Noticed a centaur warrior
 19057 | D:14     | Killed a centaur warrior
 19079 | D:14     | Noticed a centaur warrior
 19096 | D:14     | Killed a centaur warrior
 19097 | D:14     | Reached XP level 14. HP: 55/104 MP: 7/26
 19108 | D:14     | Reached skill level 5 in Dodging
 19195 | D:14     | Found a gate leading to a gauntlet.
 19236 | D:14     | Reached skill level 10 in Armour
 19412 | Gauntlet | Entered a Gauntlet
 19412 | Gauntlet | Found a transporter.
 19427 | Gauntlet | Found a transporter.
 19436 | Gauntlet | Found a transporter.
 19438 | Gauntlet | Noticed an entropy weaver
 19441 | Gauntlet | Found a transporter.
 19456 | Gauntlet | Found a transporter.
 19474 | Gauntlet | Found the +3 giant club "Skullcrusher" {speed, Str+7}
 19475 | Gauntlet | Found a transporter.
 19487 | Gauntlet | Found a transporter.
 19493 | Gauntlet | Found a transporter.
 19508 | Gauntlet | Found a transporter.
 19511 | Gauntlet | Found the cursed +13 scythe of Curses {drain, *Curse}
 19520 | Gauntlet | Found a transporter.
 19526 | Gauntlet | Found a transporter.
 19526 | Gauntlet | Found a transporter.
 19537 | Gauntlet | Noticed an entropy weaver
 19541 | Gauntlet | Found a transporter.
 19558 | Gauntlet | Found a transporter.
 19578 | Gauntlet | Found a transporter.
 19603 | Gauntlet | Found a transporter.
 19607 | Gauntlet | Found a transporter.
 19629 | Gauntlet | Found a transporter.
 19803 | Gauntlet | Identified the +5 flail of Mayhem {venom, *Contam rF+ rN++
                  | Str+4}
 19803 | Gauntlet | Noticed a minotaur
 20197 | Gauntlet | Killed an entropy weaver
 20213 | Gauntlet | Got a translucent cloak
 20221 | Gauntlet | Identified the +0 cloak of Fedhas {rElec} (You found it in
                  | a Gauntlet)
 20341 | Gauntlet | Killed a minotaur
 20371 | Gauntlet | Identified the Reference Book on Ensnaring Moulding
 20425 | Gauntlet | Got a faintly humming leather armour
 20443 | D:14     | Identified the +0 leather armour "Toluel" {Str+5 Dex-4}
                  | (You found it in a Gauntlet)
 20593 | D:14     | Found a white marble altar of Elyvilon.
 20725 | D:14     | Reached skill level 10 in Fighting
 20857 | D:14     | HP: 1/110 [five-headed hydra (7)]
 21224 | D:14     | Reached XP level 15. HP: 58/117 MP: 11/27
 21323 | D:14     | Found a gate to the Vaults.
 21421 | D:14     | Noticed Roxanne
 21447 | D:14     | Killed Roxanne
 22051 | D:14     | Reached XP level 16. HP: 127/127 MP: 28/28
 22060 | D:14     | Learned a level 6 spell: Statue Form
 22060 | D:14     | Reached XP level 17. HP: 133/133 MP: 29/29
 22127 | D:15     | Entered Level 15 of the Dungeon
 22127 | D:15     | Found a blossoming altar of Fedhas.
 22141 | D:15     | Noticed Nessos
 22167 | D:15     | Killed Nessos
 22168 | D:15     | Reached skill level 1 in Transmutations
 22361 | D:15     | Found Jiux's Book Shop.
 22625 | D:15     | Found a staircase to the Depths.
 22797 | D:15     | Got a smoking dagger
 22995 | D:7      | Bought a scroll of fog for 22 gold pieces
 22995 | D:7      | Bought a scroll of fog for 22 gold pieces
 22995 | D:7      | Bought a scroll of fog for 22 gold pieces
 22995 | D:7      | Bought 2 potions of invisibility for 176 gold pieces
 22995 | D:7      | Bought a potion of invisibility for 88 gold pieces
 23034 | D:9      | Identified the +10 dagger of Context {pain, rC- Str+6} (You
                  | found it on level 15 of the Dungeon)
 23040 | Lair:1   | Entered Level 1 of the Lair of Beasts
 23118 | Lair:1   | Reached skill level 14 in Earth Magic
 24052 | Lair:2   | Reached skill level 5 in Transmutations
 24083 | Lair:2   | Found a staircase to the Shoals.
 25169 | Lair:3   | Was forgiven by Kikubaaqudgha
 25319 | Lair:3   | Reached skill level 15 in Earth Magic
 25634 | Lair:3   | Gained mutation: Your body sometimes deteriorates upon
                  | taking damage. [potion of mutation]
 25634 | Lair:3   | Gained mutation: You are surrounded by a mild repulsion
                  | field. (EV +2) [potion of mutation]
 25635 | Lair:3   | Lost mutation: Your body sometimes deteriorates upon taking
                  | damage. [potion of mutation]
 25635 | Lair:3   | Lost mutation: You are surrounded by a mild repulsion
                  | field. (EV +2) [potion of mutation]
 25635 | Lair:3   | Gained mutation: Your muscles are strong. (Str +2) [potion
                  | of mutation]
 25635 | Lair:3   | Gained mutation: Your body sometimes deteriorates upon
                  | taking damage. [potion of mutation]
 25635 | Lair:3   | Gained mutation: Your flesh is cold resistant. (rC+)
                  | [potion of mutation]
 25636 | Lair:3   | Lost mutation: Your muscles are strong. (Str +2) [potion of
                  | mutation]
 25636 | Lair:3   | Gained mutation: You are somewhat resistant to further
                  | mutation. [potion of mutation]
 25636 | Lair:3   | Gained mutation: You are resistant to electric shocks.
                  | (rElec) [potion of mutation]
 25742 | Lair:3   | Found a hole to the Spider Nest.
 26276 | Lair:4   | Reached XP level 18. HP: 128/140 MP: 16/30
 26302 | Lair:4   | Found a frozen archway.
 26333 | IceCv    | Entered an ice cave
 27018 | Lair:4   | Reached skill level 16 in Earth Magic
 27498 | Lair:4   | Got a sheer robe
 27583 | Lair:4   | You fall into a shaft and drop 1 floor!
 27780 | Lair:5   | Found a dark tunnel.
 27792 | Lair:5   | Identified the cursed +0 robe of the Blue Moon {rC+} (You
                  | found it on level 4 of the Lair of Beasts)
 27814 | Volcano  | Entered a volcano
 28031 | Volcano  | Found a radiant altar of Vehumet.
 28379 | Lair:5   | Reached skill level 17 in Earth Magic
 28496 | Lair:5   | Found a staircase to the Slime Pits.
 28889 | Lair:6   | Entered Level 6 of the Lair of Beasts
 29560 | Lair:6   | Reached skill level 18 in Earth Magic
 30494 | D:9      | Learned a level 5 spell: Bolt of Magma
 30618 | Orc:2    | Noticed Maurice
 30626 | Orc:2    | Killed Maurice
 30680 | Orc:2    | Noticed Snorg
 30705 | Orc:2    | Killed Snorg
 30738 | Orc:2    | Killed Jorgrun
 30870 | Orc:2    | Found a staircase to the Elven Halls.
 30919 | Orc:2    | Reached XP level 19. HP: 114/146 MP: 17/31
 31010 | Orc:2    | Reached skill level 10 in Shields
 31068 | Orc:2    | Found Otame's Magic Scroll Emporium.
 31076 | Orc:2    | Found Kitydoc's Gadget Shoppe.
 31081 | Orc:2    | Found Huthrat's Assorted Antiques.
 31090 | Orc:2    | Found Foexzah's Magic Scroll Emporium.
 31560 | Orc:2    | Bought a scroll of identify for 22 gold pieces
 31560 | Orc:2    | Bought a scroll of fog for 22 gold pieces
 31560 | Orc:2    | Bought a scroll of summoning for 104 gold pieces
 31571 | Orc:2    | Bought a scroll of magic mapping for 56 gold pieces
 31571 | Orc:2    | Bought a scroll of magic mapping for 56 gold pieces
 31571 | Orc:2    | Bought a scroll of magic mapping for 56 gold pieces
 31571 | Orc:2    | Bought a scroll of identify for 32 gold pieces
 31571 | Orc:2    | Bought 2 scrolls of immolation for 112 gold pieces
 31571 | Orc:2    | Bought a scroll of enchant armour for 120 gold pieces
 31577 | Orc:2    | Bought a scroll of enchant armour for 187 gold pieces
 31577 | Orc:2    | Bought the +9 staff of Wucad Mu {channel} for 2500 gold
                  | pieces
 31577 | Orc:2    | Bought a scroll of identify for 50 gold pieces
 31577 | Orc:2    | Found the +9 staff of Wucad Mu {channel}
 31789 | D:5      | Bought a scroll of torment for 82 gold pieces
 32223 | Spider:1 | Entered Level 1 of the Spider Nest
 32226 | Spider:1 | Upgraded the game from 0.26.0-5-gb5863c6483 to
                  | 0.26.0-8-g74fc34ddfb
 33403 | Spider:2 | Noticed Arachne
 33663 | Spider:2 | Noticed Azrael
 33905 | Spider:1 | Killed Arachne
 33976 | Spider:2 | Killed Azrael
 34431 | Spider:3 | Reached skill level 10 in Spellcasting
 34539 | Spider:3 | Got a brightly glowing kite shield
 34551 | Spider:3 | Identified the +0 kite shield "Xototse" {rC++ Will++ Str-4}
                  | (You found it on level 3 of the Spider Nest)
 35041 | Spider:4 | Entered Level 4 of the Spider Nest
 35075 | Spider:4 | Reached skill level 10 in Transmutations
 35115 | Spider:4 | Reached XP level 20. HP: 57/153 MP: 7/34
 35977 | Spider:4 | Got a gossamer rune of Zot
 36129 | Spider:4 | Identified a scroll of acquirement
 36346 | Shoals:1 | Entered Level 1 of the Shoals
 36503 | Shoals:1 | Noticed Aizul
 36513 | Lair:2   | Killed Aizul
 36750 | Shoals:1 | Found a bloodstained altar of Trog.
 37157 | Shoals:1 | Got a pitted scale mail
 37485 | Shoals:1 | Identified the cursed +0 scale mail of Woneihof {Harm Will-
                  | Int+4} (You found it on level 1 of the Shoals)
 37814 | Shoals:2 | Found a runed translucent gate.
 37814 | Shoals:2 | Found a runed translucent gate.
 37814 | Shoals:2 | Found a runed translucent gate.
 37816 | Shoals:2 | Noticed Amuaxidi's ghost (adept FoCK)
 37816 | Shoals:2 | Noticed popps's ghost (adept GrFi)
 37817 | Shoals:2 | Noticed Luqyzau's ghost (adept GrWn)
 37817 | Shoals:2 | Noticed AtomicRavioli's ghost (adept OgFi)
 37817 | Shoals:2 | Noticed Meod's ghost (adept MiBe)
 37836 | Shoals:2 | Found the +8 trident of the Octopus King {venom, rElec
                  | rPois Will+}
 38636 | Shoals:3 | Noticed Polyphemus
 38648 | Shoals:2 | Killed Polyphemus
 38839 | Shoals:3 | Got a steaming ring mail
 38846 | Shoals:3 | Noticed Kirke
 38871 | Shoals:3 | Killed Kirke
 39685 | Shoals:4 | Entered Level 4 of the Shoals
 39692 | Shoals:4 | Found Beoreof's Magic Scroll Boutique.
 39716 | Shoals:4 | Bought a scroll of immolation for 52 gold pieces
 39716 | Shoals:4 | Bought a scroll of identify for 30 gold pieces
 39716 | Shoals:4 | Bought a scroll of identify for 30 gold pieces
 39716 | Shoals:4 | Bought a scroll of acquirement for 780 gold pieces
 39716 | Shoals:4 | Bought a scroll of enchant armour for 112 gold pieces
 39716 | Shoals:4 | Bought 2 scrolls of identify for 60 gold pieces
 39760 | Shoals:4 | Found the +4 Cigotuvi's embrace {rMiasma *Drain rN+}
 39767 | Shoals:4 | Reached XP level 21. HP: 154/159 MP: 31/35
 39977 | Shoals:4 | Identified the +1 ring mail of Dasadoan {Dex+5} (You found
                  | it on level 3 of the Shoals)
 40092 | Shoals:4 | HP: 7/206 [merfolk javelineer/silver javelin (12)]
 40092 | Shoals:4 | Hit by a silver javelin thrown by a merfolk javelineer

Illustrated notes

Levels and vault maps discovered:
D:1:      shiori_shiawase, layout_basic
D:2:      layout_basic, nicolae_overflow_quartered_altars,
          chequers_ecumenical_altar_lobes, kennysheep_cross_bottleneck,
          minmay_tetromino_s2
D:3:      minmay_inner_zag, layout_basic, portal_sewer_entry_a, minmay_vboxes
D:4:      minmay_evil_eye, layout_layer_cave, elyvilon_altar_5, serial_glass,
          glass_columns_a, glass_columns_a, gammafunk_ghost_split, uniq_grinder
D:5:      minmay_skewed_foursquare, layout_basic, serial_shops,
          nicolae_shop_waterfront, hangedman_decor_opposing, uniq_duvessa,
          uniq_sigmund
D:6:      layout_rooms, temple_hall, serial_shops, shop, minivault_11
D:7:      layout_basic, nicolae_island_escapes
D:8:      layout_basic, minmay_crossroads
D:9:      hangedman_cross_veins, layout_basic, nicolae_qazlal_style_of_elements,
          basic_altar, serial_bayou, serial_bayou_pond_a, serial_bayou_pond_c,
          serial_bayou_shore_a, serial_bayou_lake_a, serial_shops,
          shop_fountains, uniq_erica
D:10:     hangedman_cross_cluster, layout_stronghold,
          gammafunk_ghost_necromancy, kennysheep_generic_room_9, uniq_nergalle
D:11:     layout_basic, dk_noncrumbling_4, tgw_xom, uniq_josephine
D:12:     layout_basic, serial_co_window_serial, co_window_paths_a,
          co_window_paths_a, co_window_corner_a, co_window_paths_a,
          co_window_corner_a, co_window_broadway_a, co_window_paths_c,
          co_window_corner_b, co_window_of_opportunity_b, glass_columns_a,
          glass_columns_a, enter_bailey_5
D:13:     layout_irregular_city, serial_bayou_pond_d,
          chequers_serial_rivers_marsh
D:14:     minmay_triangles_in_corner, layout_small_grid,
          lightli_vaults_fourway_checkpoint, grunt_decor_cap,
          gauntlet_entry_generic, grunt_decor_mini_mirrors,
          hangedman_feature_mirror, uniq_roxanne
D:15:     grunt_enter_depths_magical_seal, layout_rooms, fedhas_altar_3,
          serial_shops, nicolae_shop_trees, uniq_nessos
Temple:   eino_temple_rhombus
Lair:1:   minmay_lair_oklob_tunnel, layout_chaotic_city
Lair:2:   layout_gridlike, minmay_shoals_entry_centaurs, beast_lair_carwin_3
Lair:3:   layout_big_grid, spider_nest_entry_rubble, wad_woods_river_01,
          infiniplex_staircase_pool, minmay_lair_oklob_chamber
Lair:4:   layout_cave_pods, portal_ice_cave_entry_ice_beasts,
          grunt_megastairs_2, lemuel_fruit_tree
Lair:5:   layout_cave_pods, minmay_slime_entry_pillars,
          lightli_volcano_entry_magma_tube
Lair:6:   gammafunk_lair_ancient_temple, layout_regular_city
Shoals:1: layout_shoals, lemuel_centaur_altar, uniq_aizul
Shoals:2: layout_shoals, gammafunk_ghost_cemetery
Shoals:3: layout_shoals, uniq_kirke, uniq_polyphemus
Shoals:4: shoals_end_grunt_garden, layout_shoals, serial_shops, shop,
          uniq_bai_suzhen
Spider:1: layout_spider_delve
Spider:2: layout_spider_delve, uniq_arachne, uniq_azrael
Spider:3: layout_spider_delve
Spider:4: grunt_spider_rune_island, nicolae_looking_at_the_future
Orc:1:    layout_caves
Orc:2:    st_orc_open, layout_caves, uniq_jorgrun, uniq_maurice, uniq_snorg

Skill      XL: |  1  2  3  4  5  6  7  8  9 10 11 12 13 14 15 16 17 18 19 20 |
---------------+-------------------------------------------------------------+-----
Conjurations   | 4 5 6 |  6.0
Fighting       | 2 3 5 6 7 10 11 12 | 12.0
Armour         | 2 3 5 6 9 10 11 12 | 12.0
Spellcasting   | 3 6 7 8 10 | 10.0
Dodging        | 3 4 7 8 |  8.0
Necromancy     | 6 8 9 10 12 13 14 | 14.6
Earth Magic    | 7 12 13 15 18 | 18.0
Long Blades    | 2 |  2.0
Short Blades   | 1 |  1.4
Poison Magic   | 4 |  4.0
Fire Magic     | 5 |  5.0
Air Magic      | 4 |  4.0
Polearms       | 1 |  1.0
Shields        | 3 8 9 12 14 | 14.3
Transmutations | 7 8 10 12 | 12.6
Stealth        | |  2.4

Action                   |  1- 3 |  4- 6 |  7- 9 | 10-12 | 13-15 | 16-18 | 19-21 || total
-------------------------+-------+-------+-------+-------+-------+-------+-------++-------
Melee: Club              |     4 |       |       |       |       |       |       ||     4
       Spear             |     6 |    12 |       |       |       |       |       ||    18
       Hunting sling     |       |     1 |       |       |       |       |       ||     1
       Flail             |       |     6 |    11 |       |       |       |       ||    17
       Falchion          |       |       |       |   148 |   323 |   570 |   547 ||  1588
       Trident           |       |       |       |     4 |    55 |       |       ||    59
       Scimitar          |       |       |       |       |     5 |     8 |       ||    13
       Dagger            |       |       |       |       |       |    36 |       ||    36
 Fire: Hunting sling     |       |    86 |    80 |   180 |    22 |       |       ||   368
       Shortbow          |       |       |       |       |    27 |    13 |       ||    40
 Cast: Magic Dart        |    73 |    50 |    24 |     3 |       |       |       ||   150
       Searing Ray       |     3 |    25 |    64 |    35 |       |       |       ||   127
       Borgnjor's Vile C |       |       |       |    82 |    94 |   216 |   229 ||   621
       Dispel Undead     |       |       |       |    14 |     3 |       |       ||    17
       Vampiric Draining |       |       |       |     8 |    15 |    25 |    12 ||    60
       Sublimation of Bl |       |       |       |    14 |     8 |    27 |       ||    49
       Conjure Flame     |       |       |       |     5 |    42 |    21 |    30 ||    98
       Mephitic Cloud    |       |       |       |     1 |     2 |     4 |    70 ||    77
       Statue Form       |       |       |       |       |       |       |    35 ||    35
Invok: Receive Necronomi |       |       |       |       |     1 |       |       ||     1
       Renounce Religion |       |       |       |       |     1 |       |       ||     1
       Potion Petition   |       |       |       |       |     2 |       |     1 ||     3
 Abil: Dig               |     4 |    12 |    37 |    34 |    35 |    50 |    33 ||   205
       End Transformatio |       |       |       |       |       |       |     2 ||     2
Evoke: Wand              |       |       |       |       |       |     1 |       ||     1
  Use: Scroll            |       |     4 |     6 |    10 |    10 |    11 |     7 ||    48
       Potion            |       |       |       |     2 |     2 |     5 |     2 ||    11
 Stab: Distracted        |       |       |       |       |     1 |     6 |    10 ||    17
       Confused          |       |       |       |       |     1 |     1 |    30 ||    32
Armor: Robe              |       |     7 |     4 |    13 |       |       |       ||    24
       Troll leather arm |       |       |       |       |   120 |   229 |   118 ||   467
       Skin              |       |       |       |       |       |       |   644 ||   644
Dodge: Dodged            |    17 |    68 |   119 |   208 |   459 |   531 |  1071 ||  2473
Block: Buckler           |       |       |       |       |       |   318 |   272 ||   590
       Kite shield       |       |       |       |       |       |       |   449 ||   449
       Rpst.: Falchion   |       |       |       |    46 |   102 |   131 |   187 ||   466
       Scimitar          |       |       |       |       |     2 |     3 |       ||     5
